 Dungeon Crawl Stone Soup version 0.19-a0-742-g4563caa (webtiles) character file.

12926 Stormphoenix the Impaler (level 11, -11/74 HPs)
             Began as a Demonspawn Gladiator on June 23, 2016.
             Was the Champion of Makhleb.
             Mangled by a fire elemental (12 damage)
             ... summoned by a deep elf mage
             ... on level 11 of the Dungeon.
             The game lasted 00:29:08 (10527 turns).

Stormphoenix the Impaler (Demonspawn Gladiator)    Turns: 10527, Time: 00:29:08

Health: -11/74     AC: 12    Str: 18    XL:     11   Next: 68%
Magic:  0/11       EV: 11    Int: 10    God:    Makhleb [******]
Gold:   1312       SH:  4    Dex: 18    Spells: 0 memorised, 10 levels left

rFire  . . .     SeeInvis +     w - +5 halberd (freeze)
rCold  + + .     Gourm    .     x - +1 ring mail "Edeziysk" {rPois rF- rC+ Dex+4}
rNeg   . . .     Faith    .     (shield currently unavailable)
rPois  +         Spirit   +     (helmet unavailable)
rElec  +         Dismiss  .     g - +1 cloak
rCorr  +         Reflect  +     l - +0 pair of gloves
SustAt .         Harm     .     (no boots)
MR     .....                    v - +4 amulet of reflection
Stlth  ++........               (no ring)
                                o - ring of stealth

@: resistant, drained, not resistant to hostile enchantments, unstealthy
A: antennae 3, claws 1, slimy green scales 2, demonic guardian 1, wild magic 1,
magic shield, magic regeneration
a: Minor Destruction, Lesser Servant of Makhleb, Major Destruction, Greater
Servant of Makhleb, Renounce Religion


You were on level 11 of the Dungeon.
You worshipped Makhleb.
Makhleb was exalted by your worship.
You were not hungry.

You visited 2 branches of the dungeon, and saw 12 of its levels.
You also visited: Sewer, Ossuary and Bailey.

You collected 1312 gold pieces.

Inventory:

Hand Weapons
 w - a +5 halberd of freezing (weapon)
Missiles
 d - 12 throwing nets (quivered)
Armour
 g - a +1 cloak (worn)
 l - a +0 pair of gloves (worn)
 x - the +1 ring mail "Edeziysk" (worn) {rPois rF- rC+ Dex+4}
   (You found it on level 4 of the Dungeon)

   It affects your dexterity (+4).
   It makes you vulnerable to fire.
   It protects you from cold.
   It protects you from poison.
Jewellery
 o - a ring of stealth (left hand)
 v - a +4 amulet of reflection (around neck)
 E - an uncursed ring of poison resistance
Scrolls
 a - 3 scrolls of enchant armour
 e - 3 scrolls of remove curse
 k - 4 scrolls of recharging
 u - 5 scrolls of teleportation
 C - a scroll of blinking
 F - a scroll of fog
 H - 2 scrolls of fear
Potions
 b - 3 potions of heal wounds
 h - 2 potions of brilliance
 n - 2 potions of might
 p - 9 potions of flight
 q - 14 potions of curing
 r - a potion of agility
 z - a potion of invisibility
 B - a potion of haste
 D - 2 potions of resistance
 G - a potion of mutation
 I - a potion of berserk rage
 J - a potion of ambrosia {unknown}
Books
 y - a book of the Tempests

   Spells                             Type                      Level
   a - Static Discharge               Conjuration/Air              3
   b - Lightning Bolt                 Conjuration/Air              5
   c - Fireball                       Conjuration/Fire             5
   d - Tornado                        Air                          9
   e - Shatter                        Earth                        9
 A - a book of Annihilations

   Spells                             Type                      Level
   a - Poison Arrow                   Conjuration/Poison           6
   b - Chain Lightning                Conjuration/Air              8
   c - Lehudib's Crystal Spear        Conjuration/Earth            8
   d - Glaciate                       Conjuration/Ice              9
   e - Fire Storm                     Conjuration/Fire             9
 K - a book of Necromancy

   Spells                             Type                      Level
   a - Pain                           Necromancy                   1
   b - Animate Skeleton               Necromancy                   1
   c - Vampiric Draining              Necromancy                   3
   d - Regeneration                   Charms/Necromancy            3
   e - Animate Dead                   Necromancy                   4
   f - Control Undead                 Necromancy                   4
Comestibles
 c - 2 meat rations
 f - 11 bread rations
 i - 2 fruits
 j - a slice of pizza
 m - 8 beef jerkies
 t - 3 royal jellies


   Skills:
 - Level 2.7(2.1) Fighting
 + Level 16.3(15.5) Polearms
 - Level 1.7(1.1) Throwing
 - Level 2.6(2.0) Dodging


You had 10 spell levels left.
You didn't know any spells.

Dungeon Overview and Level Annotations

Branches:
Dungeon (11/15)            Temple (1/1) D:4            Lair (0/6) D:8
    Orc: D:9-12

Altars:
Ashenzari
Cheibriados
Dithmenos
Elyvilon
Fedhas
Gozag
Hepliaklqana
Kikubaaqudgha
Makhleb
Nemelex Xobeh
Okawaru
Pakellas
Qazlal
Ru
Sif Muna
Trog
Uskayaw
Vehumet
Xom
Yredelemnul
Zin
The Shining One


Innate Abilities, Weirdness & Mutations

You have a pair of large antennae on your head. (SInv)
You are mostly covered in slimy green scales. (AC +3)
A weak demonic guardian rushes to your aid.
When hurt, damage is shared between your health and your magic reserves.
You regenerate magic rapidly.
You have sharp fingernails.
Your spells are a little harder to cast, but a little more powerful.


Message History

The deep elf mage is heavily wounded.
The deep elf mage points at you and mumbles some strange words.
The bolt of fire hits you! The fire burns you terribly!
* * * LOW HITPOINT WARNING * * *
Your ufetubus hits the deep elf mage. Your ufetubus misses the deep elf mage.
You completely miss the deep elf mage.
The deep elf mage is severely wounded.
Your ufetubus disappears in a puff of smoke!
The deep elf mage casts a spell.
You closely miss the deep elf mage.
The deep elf mage is severely wounded.
You feel protected. The fire elemental barely misses you.
Send 'em back where they came from!
Your white imp shudders.
The fire elemental hits you. The fire elemental burns you!
* * * LOW HITPOINT WARNING * * *
The fire elemental hits you.
* * * LOW HITPOINT WARNING * * *
The fire elemental burns you!
You die...

#.......#...........#....
##...#.......#...........#....
....#.......#.......... #....
..............>.... #....
...#######........ ...... ##
..######......... ....... ..
#.##...#......... .......
###.#+#.##...#.e5..#...
.......
........)....#.@E§.#...
#......).......E.....#
......................#
.#.........$..........#
#....................#
##....#.......#...####
######.......#...#
#.......#...# #.......#...#


You could see a deep elf mage, 2 fire elementals and a friendly white imp.

Vanquished Creatures
  Gastronok (D:10)
  The ghost of tstbtto the Cleaver, a journeyman DDFi of Yredelemnul (D:10)
  Fannar (D:10)
  A hill giant (D:10)
  A cyclops (D:11)
  A troll (D:11)
  Grinder (D:4)
  A two-headed ogre (D:11)
  A wraith (Ossuary)
  4 yaks (D:9)
  A wyvern (D:8)
  A shadow (D:11)
  3 hippogriffs
  A hungry ghost (D:11)
  Menkaure (D:4)
  Duvessa (D:4)
  2 water moccasins
  2 porcupines (D:8)
  4 ice beasts
  An orc warrior (D:6)
  An eye of draining (D:11)
  A necrophage (D:10)
  5 sky beasts
  3 phantoms
  5 ogres
  4 centaurs
  5 giant frogs
  2 big kobolds
  7 gnoll sergeants (Bailey)
  Dowan (D:4)
  6 scorpions
  5 killer bees (D:10)
  15 wights
  9 howler monkeys
  5 crimson imps
  A centaur zombie (D:8)
  5 hounds
  A wasp zombie (D:9)
  7 orc priests
  A giant frog skeleton (D:8)
  6 gnoll shamans (Bailey)
  3 jellies
  A centaur skeleton (D:8)
  2 iguanas
  9 orc wizards
  2 hell rats (D:8)
  4 worker ants
  2 killer bee zombies
  2 mummies
  A hound skeleton (D:8)
  23 gnolls
  A howler monkey skeleton (D:4)
  15 adders
  2 river rats
  4 shadow imps
  An ooze (D:7)
  An adder zombie (D:6)
  5 worms
  3 dart slugs
  6 giant geckos
  23 orcs
  5 ball pythons
  9 bats
  8 giant cockroaches
  10 goblins
  9 hobgoblins
  14 jackals
  4 quokkas
  6 giant newts
  10 gnoll skeletons (Ossuary)
  24 kobolds
  4 kobold skeletons (Ossuary)
  10 orc skeletons (Ossuary)
  13 rats
361 creatures vanquished.

Vanquished Creatures (collateral kills)
  A yak (D:9)
  A gnoll sergeant (Bailey)
  A scorpion (D:3)
  A wight (D:9)
  An orc (D:6)
  A jackal (D:7)
  A kobold (Sewer)
7 creatures vanquished.

Grand Total: 368 creatures vanquished

Notes
Turn   | Place    | Note
--------------------------------------------------------------
     0 | D:1      | Stormphoenix the Demonspawn Gladiator began the quest for the Orb.
     0 | D:1      | Reached XP level 1. HP: 16/16 MP: 1/1
   265 | D:1      | Gained mutation: You have a pair of small antennae on your head. [demonic ancestry]
   265 | D:1      | Reached XP level 2. HP: 23/23 MP: 2/2
   474 | D:1      | Reached skill level 3 in Polearms
   977 | D:2      | Found an oddly glowing altar of Pakellas.
  1014 | D:2      | Gained mutation: A weak demonic guardian rushes to your aid. [demonic ancestry]
  1014 | D:2      | Reached XP level 3. HP: 26/28 MP: 3/3
  1496 | D:2      | Gained mutation: You have sharp fingernails. [potion of beneficial mutation]
  1572 | D:3      | Reached skill level 4 in Polearms
  1631 | D:3      | Gained mutation: When hurt, damage is shared between your health and your magic reserves. [demonic ancestry]
  1631 | D:3      | Reached XP level 4. HP: 34/34 MP: 4/4
  2091 | D:3      | Reached XP level 5. HP: 24/39 MP: 3/5
  2344 | D:3      | Reached skill level 5 in Polearms
  2445 | D:4      | Noticed an ogre
  2454 | D:4      | Killed an ogre
  2467 | D:4      | Gained mutation: You are partially covered in slimy green scales. (AC +2) [demonic ancestry]
  2467 | D:4      | Reached XP level 6. HP: 38/46 MP: 6/6
  2574 | D:4      | Reached skill level 6 in Polearms
  2605 | D:4      | Found a burning altar of Makhleb.
  2854 | D:4      | Got an aquamarine-encrusted ring mail
  2865 | D:4      | Identified the cursed +1 ring mail "Edeziysk" {rPois rF- rC+ Dex+4} (You found it on level 4 of the Dungeon)
  2938 | D:4      | Found a shadowy altar of Dithmenos.
  2987 | D:4      | Noticed Grinder
  3000 | D:4      | Paralysed by Grinder for 2 turns
  3017 | D:4      | Paralysed by Grinder for 3 turns
  3022 | D:4      | Killed Grinder
  3022 | D:4      | Reached skill level 7 in Polearms
  3022 | D:4      | Gained mutation: You have a pair of antennae on your head. [demonic ancestry]
  3022 | D:4      | Reached XP level 7. HP: 18/51 MP: 2/7
  3274 | D:4      | Noticed Menkaure
  3275 | D:4      | Got a crude falchion
  3285 | D:4      | Killed Menkaure
  3285 | D:4      | Reached skill level 8 in Polearms
  3291 | D:4      | Found a staircase to the Ecumenical Temple.
  3302 | Temple   | Entered the Ecumenical Temple
  3407 | D:4      | Became a worshipper of Makhleb the Destroyer
  3598 | D:4      | Found a deep blue altar of Sif Muna.
  3598 | D:4      | Noticed Duvessa
  3598 | D:4      | Noticed Dowan
  3611 | D:4      | Killed Duvessa
  3626 | D:4      | Killed Dowan
  3626 | D:4      | Gained mutation: You have a pair of large antennae on your head. (SInv) [demonic ancestry]
  3626 | D:4      | Reached XP level 8. HP: 39/57 MP: 6/8
  3810 | D:4      | Identified the cursed +2 falchion "Zaf Jano" {freeze, *Corrode rElec rPois Dex+3} (You found it on level 4 of the Dungeon)
  3846 | D:5      | Entered Level 5 of the Dungeon
  3858 | D:5      | Found a blossoming altar of Fedhas.
  3955 | D:5      | Found a glowing drain.
  3962 | Sewer    | Entered a sewer
  3987 | Sewer    | Reached skill level 9 in Polearms
  4045 | Sewer    | Reached * piety under Makhleb
  4593 | D:5      | Found a bloodstained altar of Trog.
  4593 | D:5      | Found a glowing golden altar of the Shining One.
  4593 | D:5      | Found a stormy altar of Qazlal.
  4652 | D:5      | Found a sacrificial altar of Ru.
  5138 | D:6      | Reached ** piety under Makhleb
  5164 | D:6      | Reached skill level 10 in Polearms
  5875 | D:7      | Reached XP level 9. HP: 62/62 MP: 9/9
  5969 | D:7      | Reached skill level 11 in Polearms
  6184 | D:7      | Found a hazy altar of Hepliaklqana.
  6215 | D:8      | Found an opulent altar of Gozag.
  6419 | D:8      | Gained mutation: Your spells are a little harder to cast, but a little more powerful. [potion of beneficial mutation]
  6430 | D:8      | Found an iron altar of Okawaru.
  6458 | D:8      | Found a staircase to the Lair.
  6463 | D:8      | Reached *** piety under Makhleb
  6474 | D:8      | Reached skill level 12 in Polearms
  6596 | D:8      | Found a sand-covered staircase.
  6606 | Ossuary  | Entered an ossuary
  6753 | Ossuary  | Reached **** piety under Makhleb
  7034 | D:8      | Gained mutation: You are mostly covered in slimy green scales. (AC +3) [demonic ancestry]
  7034 | D:8      | Reached XP level 10. HP: 57/68 MP: 8/10
  7116 | D:8      | Reached skill level 13 in Polearms
  7404 | D:9      | Got a warped dagger
  7405 | D:9      | Identified the +7 dagger of Asiumev {flame, Dex+3} (You found it on level 9 of the Dungeon)
  7517 | D:9      | Reached ***** piety under Makhleb
  8110 | D:9      | Reached skill level 14 in Polearms
  8183 | D:10     | Entered Level 10 of the Dungeon
  8312 | D:10     | Found a flagged portal.
  8327 | Bailey   | Entered a bailey
  8829 | Bailey   | HP: 2/68 [gnoll shaman/antimagic flail (7)]
  9187 | D:10     | Noticed Fannar
  9203 | D:10     | Killed Fannar
  9317 | D:10     | Noticed tstbtto's ghost (journeyman DDFi)
  9350 | D:10     | Killed tstbtto's ghost
  9350 | D:10     | Reached skill level 15 in Polearms
  9350 | D:10     | Gained mutation: You regenerate magic rapidly. [demonic ancestry]
  9350 | D:10     | Reached XP level 11. HP: 70/74 MP: 3/11
  9573 | D:10     | Noticed Gastronok
  9582 | D:10     | Reached ****** piety under Makhleb
  9594 | D:10     | Killed Gastronok
  9705 | D:10     | Noticed a hill giant
  9711 | D:10     | Killed a hill giant
 10173 | D:11     | Reached skill level 16 in Polearms
 10508 | D:11     | Noticed a deep elf mage
 10527 | D:11     | HP: 2/74 [fire elemental[a deep elf mage] (10)]
 10527 | D:11     | Mangled by a fire elemental

Vault maps used:
D:1:      minmay_arrival_four_loops
D:2:      grunt_pakellas_basics
D:4:      led_sif_pool, makhleb_heckhound_becter, grunt_dithmenos_smoke,
          minmay_misc_feat_encased, dk_noncrumbling_3, uniq_grinder,
          uniq_duvessa, uniq_menkaure
D:5:      gammafunk_temple_overflow_claw, lemuel_crystal_altar, first_bread,
          gup_sewer_entry_bubbles, nicolae_ru_the_path_less_chosen
D:7:      kennysheep_mini, grunt_ogre_cave, minivault_24, minmay_misc_feat_tiny
D:8:      okawaru_metal_pillars_3, dpeg_lair_monsters, basic_altar,
          gup_ossuary_entry_pyramid, st_stairs_6
D:9:      minmay_misc_feat_x
D:10:     enter_bailey_7, serial_co_window_serial, co_window_paths_a,
          co_window_paths_b, co_window_cross_1, co_window_corner_a,
          co_window_of_opportunity_a, co_window_2corner,
          co_window_of_opportunity_c, co_window_broadway_b,
          co_window_broadway_c, co_window_corner_cb, co_window_2corner,
          co_window_broadway_a, co_window_paths_d, co_window_paths_e,
          glass_columns_b, glass_columns_c, glass_columns_b, uniq_gastronok,
          uniq_fannar
D:11:     st_stairs_10, minmay_tree_intersection
Temple:   nicolae_temple_god_jail
Sewer:    kennysheep_pipe_town
Ossuary:  ossuary_due_mausoleum
Bailey:   bailey_polearm_gnolls_kennysheep, bailey

Skill      XL: |  1  2  3  4  5  6  7  8  9 10 11 |
---------------+----------------------------------+-----
Polearms       | 3 4 5 7 8 10 12 15 16 | 16.3
Fighting       | |  2.7
Throwing       | |  1.7
Dodging        | |  2.6

Action                   |  1- 3 |  4- 6 |  7- 9 | 10-12 || total
-------------------------+-------+-------+-------+-------++-------
Melee: Trident           |   136 |   123 |       |       ||   259
       Halberd           |       |    54 |   346 |   516 ||   916
  Use: Scroll            |     8 |     5 |    13 |     3 ||    29
       Potion            |     3 |     2 |     4 |     6 ||    15
 Stab: Sleeping          |     3 |     9 |     8 |     5 ||    25
       Distracted        |     1 |     1 |     2 |     4 ||     8
  Eat: Chunk             |     2 |     5 |    13 |    13 ||    33
       Fruit             |       |       |       |     1 ||     1
Armor: Leather armour    |    31 |     8 |       |       ||    39
       Skin              |       |     6 |       |       ||     6
       Plate armour      |       |    19 |       |       ||    19
       Ring mail         |       |    17 |   108 |   147 ||   272
Dodge: Dodged            |    71 |    70 |   154 |   196 ||   491
Block: Other             |       |       |       |    52 ||    52
       Reflection        |       |       |       |     4 ||     4
